 Dungeon Crawl Stone Soup version 0.17-a0-2171-ga91b4ec (webtiles) character file.

14 xeno23 the Scratcher (level 2, 0/12 HPs)
             Began as a Felid Transmuter on Oct 25, 2015.
             Slain by a quokka (4 damage)
             ... on level 2 of the Dungeon.
             The game lasted 00:03:45 (649 turns).

xeno23 the Scratcher (Felid Transmuter)              Turns: 649, Time: 00:03:45

Health: 0/12       AC:  1    Str:  6    XL:     2   Next: 31%
Magic:  6/6        EV: 18    Int: 14    God:
Gold:   31         SH:  0    Dex: 16    Spells: 1 memorised, 4 levels left
                                        Lives:  0   Deaths: 0

rFire  . . .     SeeInvis +       - Unarmed
rCold  . . .     Clarity  .     (armour unavailable)
rNeg   . . .     SustAt   .     (shield unavailable)
rPois  .         Gourm    .     (helmet unavailable)
rElec  .         Spirit   .     (cloak unavailable)
rCorr  .         Warding  .     (gloves unavailable)
rMut   .         Stasis   .     (boots unavailable)
MR     .....                    (no amulet)
Stlth  ++........               (no ring)
                                (no ring)

@: lethally poisoned (0 -> -4), quick, not resistant to hostile enchantments,
unstealthy
A: no armour, no weapons or thrown items, claws 1, fangs 3, see invisible,
carnivore 3, speed 1, shaggy fur 1, slow metabolism 1, sharp paws
a: no special abilities


You were on level 2 of the Dungeon.
You were not hungry.

You visited 1 branch of the dungeon, and saw 2 of its levels.

You collected 31 gold pieces.

Inventory:

Missiles
 a - 19 arrows
Scrolls
 d - a scroll of immolation {unknown}
 g - 2 scrolls of enchant weapon {unknown}
Potions
 e - a potion of beneficial mutation {unknown}
 f - a potion of cancellation {unknown}
 h - a potion of curing {unknown}
Books
 b - a book of Changes

   Spells                             Type                      Level
   a - Beastly Appendage              Transmutation                1
   b - Sticks to Snakes               Transmutation                2
   c - Spider Form                    Transmutation/Poison         3
   d - Ice Form                       Ice/Transmutation            4
   e - Blade Hands                    Transmutation                5
Comestibles
 c - a meat ration


   Skills:
 + Level 1.2 Fighting
 + Level 2.9 Dodging
 + Level 0.4 Stealth
 * Level 3.3 Unarmed Combat
 + Level 2.0 Spellcasting
 * Level 2.5 Transmutations


You had 4 spell levels left.
You knew the following spells:

 Your Spells              Type           Power        Failure   Level  Hunger
a - Beastly Appendage     Trmt           #.....       10%         1    ##.....


Dungeon Overview and Level Annotations

Branches:
Dungeon (2/15)

Altars:


Innate Abilities, Weirdness & Mutations

You cannot wear armour.
You are incapable of wielding weapons or throwing items.
You have sharp claws.
You have razor-sharp teeth.
You have supernaturally acute eyesight.
You are carnivorous and can eat meat at any time.
You cover ground quickly.
You are covered in fur (AC +1).
You have a slow metabolism.
Your sharp claws are effective at attacking unaware monsters.


Message History

A quokka comes into view.
The kobold throws a stone.
The stone barely misses you.
Found a short sword.
You see here a scroll labeled RAFAGY MO VAURCH.
The adder closely misses you.
You scratch the adder.
The adder is lightly wounded.
The adder barely misses you.
You closely miss the adder.
The adder is lightly wounded.
The adder bites you.
You take 4 damage.
You miss the adder. Your bite misses the adder.
The adder is lightly wounded.
The adder bites you.
You are lethally poisoned!
The adder poisons you! The kobold misses you.
You take 3 damage.
You feel sick. The quokka bites you.
You die...

.........#...##
..............##
#...............
..!..........#
....#........
#..#........
#†.#r.......
.#######(.@SK.....#
...>...(...........
######(#.#......)#
#..#.........#
#######.##..#......#
##....)..#......###..
#####..............##
#
...#...........##..#
...........>..## ..#


You could see an adder, a quokka and a kobold.

Vanquished Creatures
  A giant gecko (D:2)
  4 goblins (D:1)
  A hobgoblin (D:1)
  3 bats
  2 kobolds (D:1)
  3 rats (D:1)
14 creatures vanquished.

Notes
Turn   | Place    | Note
--------------------------------------------------------------
     0 | D:1      | xeno23 the Felid Transmuter began the quest for the Orb.
     0 | D:1      | Reached XP level 1. HP: 9/9 MP: 4/4
   381 | D:1      | Reached XP level 2. HP: 12/12 MP: 6/6
   649 | D:2      | Slain by a quokka

Vault maps used:
D:1:      minmay_arrival_diagonal_passages
D:2:      first_bread

Action                   || total
-------------------------++-------
Melee: Unarmed           ||    27
 Stab: Sleeping          ||     2
  Eat: Chunk             ||     2
